 Dungeon Crawl Stone Soup version 0.30.0-5-g1a98f26d00 (webtiles) character file.

Game seed: 8414013070656167025

1280 jimonade the Trooper (level 8, -1/62 HPs)
             Began as a Demonspawn Monk on May 10, 2023.
             Slain by an iguana (8 damage)
             ... on level 5 of the Dungeon.
             The game lasted 00:11:32 (4881 turns).

jimonade the Trooper (Demonspawn Monk)              Turns: 4881, Time: 00:11:32

Health: -1/62      AC: 11    Str:  8    XL:     8   Next: 29%
Magic:  8/8        EV:  8    Int: 12    God:
Gold:   243        SH:  0    Dex: 19    Spells: 7/7 levels left

rFire   x . .        a - +3 falchion "Muwn" {spect, rElec Str-5 Dex+3}
rCold   + + .        d - orb {light}
rNeg    . . .        s - +0 ice dragon scales
rPois   .            (helmet restricted)
rElec   +            (no cloak)
rCorr   .            Q - +0 pair of gloves
SInv    .            (no boots)
Will    .....        (no amulet) Stlth
                     (no ring)
HPRegen 0.30/turn    (no ring)
MPRegen 0.22/turn

%: no passive effects
@: confused, about to teleport, ambrosia-drunk, glowing
A: hooves 1, horns 1, foul stench 2, magic regeneration
a: no special abilities


You were on level 5 of the Dungeon.
You visited 1 branch of the dungeon, and saw 6 of its levels.

You collected 243 gold pieces.

Inventory:

Hand Weapons
 a - the +3 falchion "Muwn" (weapon) {spect, rElec Str-5 Dex+3}
   (You found it on level 3 of the Dungeon)

   Str:       It affects your strength (-5).
   Dex:       It affects your dexterity (+3).
   rElec:     It insulates you from electricity.
 k - a +0 sling
 o - a +0 mace
 w - a +0 spear
 D - a +0 short sword of speed
 E - a +2 dagger of protection
 N - a +0 dagger of venom
 O - a +2 spear of venom
Missiles
 l - 5 poisoned darts (quivered)
 p - 2 atropa-tipped darts
 M - a boomerang
 R - 2 silver boomerangs
Armour
 b - a +0 robe
 d - an orb of light (worn)
 f - a +0 ring mail
 g - a +0 chain mail
 s - +0 ice dragon scales (worn)
 y - a +0 buckler
 z - the +1 robe of Death's Door {rPois Will++ Str+5}
   (You took it off an orc on level 2 of the Dungeon)

   Str:       It affects your strength (+5).
   rPois:     It protects you from poison.
   Will:      It greatly increases your willpower.
 F - a +0 plate armour
 L - the +0 ring mail of the Great Game {rF+}
   (You took it off a kobold on level 4 of the Dungeon)

   rF:        It protects you from fire.
 Q - a +0 pair of gloves (worn)
Wands
 q - a wand of quicksilver (9)
Scrolls
 h - a scroll of immolation
 i - a scroll of teleportation
 m - a scroll of noise {unknown}
 n - a scroll of enchant armour {unknown}
 u - a scroll of silence {unknown}
 v - 2 scrolls of blinking {unknown}
 x - a scroll of poison {unknown}
 A - 3 scrolls of enchant weapon
 C - 2 scrolls of amnesia
Potions
 c - a potion of ambrosia
 e - 2 potions of resistance
 r - a potion of lignification {unknown}
 t - 2 potions of haste {unknown}
 B - 2 potions of flight {unknown}
 G - a potion of attraction {unknown}
 H - a potion of magic {unknown}
 I - 3 potions of curing {unknown}
 J - 2 potions of heal wounds {unknown}
 K - a potion of might {unknown}
 P - a potion of invisibility


   Skills:
 + Level 5.0 Fighting
 - Level 3.5(4.2) Short Blades
 + Level 3.4(4.2) Long Blades
 - Level 4.1 Polearms
 + Level 4.2 Armour
 + Level 4.2 Dodging


You had 7 spell levels left.
You didn't know any spells.
Your spell library contained the following spells:

 Spells                   Type           Power      Damage    Failure   Level
 Shock                    Conj/Air       0%         1d3       99%         1
 Frozen Ramparts          Ice            0%         1d1       100%        3
 Swiftness                Air            0%         N/A       100%        3
 Airstrike                Air            0%         2d(0-16)  100%        4
 Ice Form                 Ice/Tmut       0%         N/A       100%        4
 Summon Ice Beast         Ice/Summ       0%         N/A       100%        4


Dungeon Overview and Level Annotations

Branches:
Dungeon (6/15)
 Temple: D:4-7

Altars:
Ashenzari
Uskayaw

Annotations:
D:3 1 runed translucent door, Crazy Yiuf


Innate Abilities, Weirdness & Mutations

You have large cloven feet.
You have a pair of small horns on your head.
You sometimes emit foul miasma when damaged in melee.
You regenerate magic rapidly.


Message History

The orc barely misses you. The orc hits you but does no damage.
The orc wizard hits you but does no damage.
The orc priest hits you with a +0 hand axe.
The orc priest hits you but does no damage.
The orc is engulfed in dark miasma.
The orc looks even sicker.
You kill the orc!
The iguana bites you but does no damage.
The orc warrior hits you but does no damage.
The orc hits you with a +0 mace.
You emit a cloud of foul miasma!
The orc warrior hits you from afar with a +0 trident.
The orc hits you with a +0 short sword.
The orc wizard hits you but does no damage.
The orc barely misses you.
The orc priest hits you but does no damage.
The iguana bites you! The orc priest barely misses you.
The orc is engulfed in dark miasma.
The orc is poisoned.
The orc seems to slow down.
You climb upwards.
There is a stone staircase leading down here.
As you read the scroll of teleportation, it crumbles to dust.
You feel strangely unstable.
The orc is no longer moving slowly.
The iguana bites you.
You emit a cloud of foul miasma!
The orc wizard barely misses you. The orc hits you but does no damage.
The orc priest invokes the aid of Beogh against you.
Pain shoots through your body!
* * * LOW HITPOINT WARNING * * *
You are confused.
You feel invigorated.
The iguana is engulfed in dark miasma.
The iguana is poisoned.
The iguana closely misses you. The orc wizard misses you.
The orc priest calls down the wrath of Beogh upon you.
Beogh smites you!
* * * LOW HITPOINT WARNING * * *
The orc priest hits you but does no damage.
The orc hits you but does no damage.
You hit the orc wizard but do no damage.
Your kick misses the orc wizard. Your headbutt misses the orc wizard.
The iguana is engulfed in dark miasma.
The iguana looks even sicker.
The iguana seems to slow down.
The iguana bites you!
You die...

#........##. #....##...#.
#######.#.#. #.......
###.#.....
#######)..#..)..
###......)###..)))
#ooo####### #..... ##@###
#..... ##ol# ###### #oo##
##.... #.## ###..### #)#
##.).## ###.# ######..###
#####.[[# ###.........#
#.....#####...........# #
#.#####.....#.......[.####


You could see an iguana (very poisoned, slow), 2 orc priests, an orc wizard and
3 orcs.

Vanquished Creatures
  Grinder (D:3)
  An ogre (D:5)
  5 scorpions
  A gnoll sergeant (D:5)
  2 hounds
  A jelly (D:5)
  3 orc priests
  A gnoll bouda (D:5)
  Jessica (D:3)
  2 orc wizards
  Natasha (thrice) (D:2)
  2 iguanas
  Terence (D:2)
  4 adders
  8 gnolls (D:5)
  A worm (D:3)
  3 dart slugs
  18 orcs
  8 ball pythons
  6 bats
  3 endoplasms
  A giant cockroach (D:1)
  2 goblins (D:1)
  2 hobgoblins
  8 jackals (D:1)
  5 kobolds
  5 quokkas
  5 frilled lizards
  4 rats
107 creatures vanquished.

Notes
Turn   | Place    | Note
-------+----------+-------------------------------------------
     0 | D:1      | jimonade the Demonspawn Monk began the quest for the Orb.
     0 | D:1      | Reached XP level 1. HP: 18/18 MP: 1/1
   121 | D:1      | Discovered your monstrous ancestry.
   121 | D:1      | Gained mutation: You have a pair of small horns on your
                  | head. [demonic ancestry]
   121 | D:1      | Reached XP level 2. HP: 23/24 MP: 2/2
   525 | D:1      | Reached XP level 3. HP: 29/29 MP: 3/3
   899 | D:2      | Noticed Natasha
   909 | D:2      | Killed Natasha
  1009 | D:2      | Noticed Terence
  1024 | D:2      | Killed Terence
  1025 | D:2      | Reached XP level 4. HP: 14/36 MP: 4/4
  1255 | D:2      | Noticed Natasha
  1266 | D:2      | Killed Natasha
  1267 | D:2      | Reached skill level 1 in Armour
  1329 | D:2      | Identified the +1 robe of Death's Door {rPois Will++ Str+5}
  1367 | D:2      | Gained mutation: You have large cloven feet. [demonic
                  | ancestry]
  1367 | D:2      | Reached XP level 5. HP: 29/42 MP: 5/5
  1781 | D:2      | Noticed Natasha
  1788 | D:2      | Killed Natasha
  1789 | D:2      | Reached skill level 4 in Fighting
  1983 | D:3      | Noticed Jessica
  1987 | D:3      | Killed Jessica
  2005 | D:3      | Noticed Grinder
  2014 | D:3      | Paralysed by Grinder for 3 turns
  2027 | D:3      | Killed Grinder
  2028 | D:3      | Gained mutation: You regenerate magic rapidly. [demonic
                  | ancestry]
  2028 | D:3      | Reached XP level 6. HP: 14/49 MP: 6/6
  2549 | D:3      | Identified the +3 falchion "Muwn" {spect, rElec Str-5
                  | Dex+3}
  2914 | D:3      | Found a runed translucent door.
  2915 | D:3      | Noticed Crazy Yiuf
  3164 | D:4      | Found a broken altar of Ashenzari.
  3316 | D:4      | Identified the +0 ring mail of the Great Game {rF+}
  3321 | D:4      | Gained mutation: You may rarely emit foul miasma when
                  | damaged in melee. [demonic ancestry]
  3321 | D:4      | Reached XP level 7. HP: 38/55 MP: 7/7
  3544 | D:4      | Reached skill level 1 in Long Blades
  4023 | D:5      | Entered Level 5 of the Dungeon
  4241 | D:5      | Gained mutation: You sometimes emit foul miasma when
                  | damaged in melee. [demonic ancestry]
  4241 | D:5      | Reached XP level 8. HP: 50/61 MP: 8/8
  4508 | D:5      | Reached skill level 5 in Fighting
  4759 | D:5      | Found a hide-covered altar of Uskayaw.
  4759 | D:5      | Noticed a +0 dagger
  4759 | D:5      | Noticed a +0 hand axe
  4880 | D:5      | HP: 1/62 [orc priest/divine providence (10)]
  4881 | D:5      | Slain by an iguana

Illustrated notes

Levels and vault maps discovered:
D:1:      minmay_arrival_glassed_features, layout_loops_ring
D:2:      layout_loops_ring, grunt_decor_resistance, minmay_stone_trees_small,
          uniq_terence, uniq_natasha
D:3:      layout_loops_ring, uniq_crazy_yiuf_cottage, uniq_grinder, uniq_jessica
D:4:      layout_gridville, ashenzari_conservatory_becter, minmay_cut_off
D:5:      layout_rooms, dancing_weapons_uskayaw
D:6:      layout_cave_pods, vehumet_statue, temple_green, uniq_blork_the_orc

Skill      XL: |  1  2  3  4  5  6  7  8 |
---------------+-------------------------+-----
Dodging        | 3 4 |  4.2
Polearms       | 3 4 |  4.1
Armour         | 1 2 3 4 |  4.2
Fighting       | 4 5 |  5.0
Short Blades   | 2 3 |  3.5
Long Blades    | 2 3 |  3.4

Action                     |  1- 3 |  4- 6 |  7- 9 || total
---------------------------+-------+-------+-------++-------
  Melee: Spear             |    89 |    57 |       ||   146
         Headbutt          |    12 |    31 |    27 ||    70
         Dagger            |       |    70 |       ||    70
         Kick              |       |    40 |    28 ||    68
         Falchion          |       |    12 |    76 ||    88
    Use: Scroll            |       |       |     5 ||     5
         Potion            |       |       |     3 ||     3
 Armour: Ring mail         |     3 |       |       ||     3
         Chain mail        |    32 |       |       ||    32
         Ice dragon scales |     8 |    91 |    46 ||   145
  Dodge: Dodged            |    24 |    60 |    43 ||   127
